 Dungeon Crawl Stone Soup version 0.32-a0-834-geaf45d8e21 (webtiles) character file.

Game seed: 10027502792274891170

214 smashvw the Covered (level 5, -8/66 (69) HPs)
             Began as an Armataur Berserker on Mar 25, 2024.
             Was a Believer of Trog.
             Killed by divine providence
             ... invoked by an orc priest
              (11 damage)
             ... on level 3 of the Dungeon.
             The game lasted 00:04:07 (2118 turns).

smashvw the Covered (Armataur Berserker)            Turns: 2118, Time: 00:04:07

HP:   -8/66 (69)    AC:  4    Str: 25    XL:     5   Next: 59%
MP:   5/5           EV:  8    Int:  7    God:    Trog [**....]
Gold: 88            SH:  0    Dex:  9    Spells: 4/4 levels left

rFire   . . .        a - +0 hand axe
rCold   . . .        (no shield)
rNeg    . . .        b - +0 animal skin
rPois   .            (no helmet)
rElec   .            (no cloak)
rCorr   .            (no gloves)
SInv    .            (no barding)
Will    .....        (no amulet) Stlth
                     (no ring)
HPRegen 0.31/turn    (no ring)
MPRegen 0.09/turn

%: roll
@: berserking, lightly drained, very quick
A: large, deformed body, tough skin 3, armoured tail, rollpage 1
a: Renounce Religion, Berserk, Trog's Hand


You were on level 3 of the Dungeon.
You worshipped Trog.
Trog was pleased with you.
You visited 1 branch of the dungeon, and saw 3 of its levels.

You collected 88 gold pieces.

Inventory:

Hand Weapons
 a - a +0 hand axe (weapon)
Missiles
 e - 2 atropa-tipped darts (quivered)
 f - 4 boomerangs
Armour
 b - a +0 animal skin (worn)
 q - a +0 pair of gloves
Jewellery
 d - a ring of magical power
Scrolls
 g - a scroll of brand weapon {unknown}
 j - a scroll of enchant weapon {unknown}
 k - 3 scrolls of identify {unknown}
 m - a scroll of amnesia {unknown}
 n - a scroll of teleportation {unknown}
 o - a scroll of fog {unknown}
 r - a scroll of vulnerability {unknown}
Potions
 c - 2 potions of mutation {unknown}
 h - 2 potions of curing {unknown}
 i - a potion of berserk rage {unknown}
 l - 2 potions of haste {unknown}
 p - a potion of heal wounds {unknown}


   Skills:
 + Level 4.0 Fighting
 + Level 3.6 Axes
 + Level 4.4 Armour
 - Level 1.3 Dodging


You had 4 spell levels left.
You didn't know any spells.
Your spell library was empty.

Dungeon Overview and Level Annotations

Branches:
Dungeon (3/15)

Altars:
Kikubaaqudgha


Innate Abilities, Weirdness & Mutations

Armour fits poorly on your strangely shaped body.
You have extremely tough skin. (AC +3)
You have a long armoured tail.
You regenerate magic when rolling toward enemies. (Rampage MPRegen)


Message History

The orc priest mumbles some strange prayers to Beogh against you.
Beogh smites you!
* * * LOW HITPOINT WARNING * * *
You slash the orc!
You kill the orc!
Trog accepts your kill.
You barely miss the orc wizard. The orc wizard barely misses you.
You hit the kobold.
You kill the kobold!
Trog accepts your kill.
You hit the orc wizard but do no damage.
The orc wizard closely misses you.
You hit the orc but do no damage. You barely miss the orc wizard.
The orc hits you with a +0 hand axe.
* * * LOW HITPOINT WARNING * * *
The orc priest calls upon Beogh to heal the orc wizard.
The orc wizard's wounds heal themselves!
The orc wizard hits you but does no damage.
Okay, then.
You hit the orc.
The orc is moderately wounded.
You hit the orc wizard. The orc hits you but does no damage.
The orc wizard barely misses you.
You hit the orc but do no damage.
The orc is moderately wounded.
You barely miss the orc wizard. The orc hits you with a +0 hand axe.
* * * LOW HITPOINT WARNING * * *
The orc wizard barely misses you.
A red film seems to cover your vision as you go berserk!
You feel yourself moving faster!
You feel mighty! The orc hits you but does no damage.
The orc wizard misses you.
You slash the orc!
You kill the orc!
Trog accepts your kill.
You hit the orc wizard.
The orc wizard gestures at you while chanting.
You resist with some effort.
The orc priest mumbles some strange prayers to Beogh against you.
Beogh smites you!
You die...

:.........##
#..##.####...
.......... ##.......
..## .........#
#..#..#. ##
.........###.#.... #
...............#.# .#
#................
##.####
.....#..........#
.......
#...........##.$.....
............@)o......
#..........#o.......
#....†.....##.......
#..........# .......
#....#.##### .......
#....#.# .......
#..†...# ..>....
#####.## .......
##########.#######


You could see an orc priest and an orc wizard.

Vanquished Creatures
  An orc priest (D:3)
  A hound (D:3)
  A sleepcap (D:3)
  Robin (D:3)
  2 adders
  4 dart slugs
  3 ribbon worms
  5 orcs (D:3)
  9 ball pythons
  3 endoplasms
  2 giant cockroaches (D:3)
  6 hobgoblins
  6 jackals
  8 kobolds
  3 quokkas
  A bat (D:1)
  4 frilled lizards
  17 goblins
  5 rats
82 creatures vanquished.

Notes
Turn   | Place    | Note
-------+----------+-------------------------------------------
     0 | D:1      | smashvw the Armataur Berserker began the quest for the Orb.
     0 | D:1      | Reached XP level 1. HP: 18/18 MP: 1/1
   249 | D:1      | Reached XP level 2. HP: 18/25 MP: 2/2
   843 | D:2      | Reached XP level 3. HP: 27/31 MP: 3/3
   972 | D:2      | Reached ** piety under Trog
  1548 | D:3      | Noticed Robin
  1553 | D:3      | Reached XP level 4. HP: 38/38 MP: 4/4
  1559 | D:3      | Killed Robin
  1621 | D:3      | Found an ancient bone altar of Kikubaaqudgha.
  1944 | D:3      | Reached XP level 5. HP: 40/46 MP: 5/5
  2113 | D:3      | Reached *** piety under Trog
  2116 | D:3      | HP: 2/44 [orc/+0 hand axe (4)]
  2118 | D:3      | Killed from afar by an orc priest

Illustrated notes

Levels and vault maps discovered:
D:1:      shiori_shiawase, layout_loops_cross, serial_forest,
          infiniplex_forest_straight_1, infiniplex_forest_end_double,
          infiniplex_forest_end_2, infiniplex_forest_corner_1,
          infiniplex_forest_corner_1, nicolae_the_louvre
D:2:      layout_basic, minmay_misc_feat_square, due_unseen_surprise
D:3:      layout_rooms, lemuel_crystal_altar, uniq_robin

Skill      XL: |  1  2  3  4  5 |
---------------+----------------+-----
Fighting       | 3 4 |  4.0
Armour         | 3 4 |  4.4
Axes           | 3 |  3.6
Dodging        | |  1.3

Action                     |  1- 3 |  4- 6 || total
---------------------------+-------+-------++-------
  Melee: Hand axe          |   150 |    74 ||   224
         Tailslap          |    16 |     6 ||    22
 Invoke: Berserk           |     1 |     3 ||     4
   Stab: Sleeping          |     1 |       ||     1
 Armour: Animal skin       |   121 |    66 ||   187
  Dodge: Dodged            |    77 |    46 ||   123

Table legend: (Time is in decaauts)
 A = Elapsed time spent in this place.
 B = Non-inter-level travel time spent in this place.
 C = Inter-level travel time spent in this place.
 D = Time resting spent in this place.
 E = Time spent auto-exploring this place.
 F = Levels seen in this place.
 G = Mean time per level.
                   A        B        C        D        E       F      G
               +--------+--------+--------+--------+--------+-----+--------+
         Total |   2176 |   2152 |     24 |    117 |   1605 |   3 |  725.3 |
       Dungeon |   2176 |   2152 |     24 |    117 |   1605 |   3 |  725.3 |
               +--------+--------+--------+--------+--------+-----+--------+

Top non-repeatable levels by time:
     D:1: 848 daAuts
     D:2: 701 daAuts
     D:3: 626 daAuts
